[Event "23rd ETCC Open 2021"]
[Site "Catez"]
[Date "2021.11.21"]
[Round "9.36"]
[White "Zilka, Stepan"]
[Black "Notkevich, Benjamin Arvola"]
[Result "1-0"]
[ECO "E32"]
[WhiteElo "2593"]
[BlackElo "2471"]
[Annotator "ChessBase"]
[PlyCount "87"]
[EventDate "2021.11.08"]
[EventType "team-tourn"]
[EventCountry "SLO"]
[SourceTitle "playchess.com"]
[Source "ChessBase"]
[SourceQuality "1"]
[WhiteTeam "Czech Republic"]
[BlackTeam "Norway"]
[WhiteTeamCountry "CZE"]
[BlackTeamCountry "NOR"]
[TimeControl "40/5400+30:1800+30"]

1. d4 Nf6 2. c4 e6 3. Nc3 Bb4 4. Qc2 O-O 5. a3 Bxc3+ 6. Qxc3 d6 7. f3 d5 8. Bg5
c5 9. cxd5 cxd4 10. Qxd4 Nc6 11. Qh4 exd5 12. e3 Qb6 13. Rd1 Re8 14. Ne2 Qxb2
15. Bxf6 gxf6 16. Qg3+ Kh8 17. Qf4 Re6 18. Rxd5 Qxa3 19. Kf2 Qe7 20. Qh6 f5 21.
Qf4 Re5 22. Nc3 f6 23. Bb5 Nb4 24. Rd4 a5 25. Ra1 Nc2 26. Rc1 Nxd4 27. exd4
Rxb5 28. Nxb5 Bd7 29. Nc7 Rc8 30. Nd5 Qf7 31. Rxc8+ Bxc8 32. Qd6 Kg7 33. Ne7
Qe8 34. Qc7 Qd7 35. Nxf5+ Kf7 36. Qxc8 Qxc8 37. Nd6+ Ke6 38. Nxc8 Kd5 39. Ke3
b5 40. Kd3 a4 41. Ne7+ Kd6 42. Nf5+ Kc6 43. Kc3 a3 44. Ne3 1-0

[Event "23rd ETCC Open 2021"]
[Site "Catez"]
[Date "2021.11.21"]
[Round "9.39"]
[White "Parligras, Mircea-Emilian"]
[Black "Stevic, Hrvoje"]
[Result "0-1"]
[ECO "D27"]
[WhiteElo "2576"]
[BlackElo "2581"]
[Annotator "ChessBase"]
[PlyCount "52"]
[EventDate "2021.11.08"]
[EventType "team-tourn"]
[EventCountry "SLO"]
[SourceTitle "playchess.com"]
[Source "ChessBase"]
[SourceQuality "1"]
[WhiteTeam "Romania"]
[BlackTeam "Croatia"]
[WhiteTeamCountry "ROU"]
[BlackTeamCountry "CRO"]
[TimeControl "40/5400+30:1800+30"]

1. d4 d5 2. Nf3 Nf6 3. c4 dxc4 4. e3 e6 5. Bxc4 c5 6. O-O a6 7. Nbd2 cxd4 8.
Nxd4 Bd7 9. b3 Nc6 10. N4f3 Be7 11. Bb2 O-O 12. Rc1 Rc8 13. a3 b5 14. Bd3 Qb6
15. Ne4 Nxe4 16. Bxe4 Rfd8 17. Bb1 f6 18. Ng5 fxg5 19. Qh5 e5 20. Bxh7+ Kf8 21.
h4 gxh4 22. f4 Bf6 23. fxe5 Qxe3+ 24. Kh1 Nxe5 25. Rce1 Qxe1 26. Rxe1 Bg4 0-1

[Event "23rd ETCC Open 2021"]
[Site "Catez"]
[Date "2021.11.21"]
[Round "9.40"]
[White "Martinovic, Sasa"]
[Black "Gavrilescu, David"]
[Result "1-0"]
[ECO "D39"]
[WhiteElo "2542"]
[BlackElo "2514"]
[Annotator "ChessBase"]
[PlyCount "45"]
[EventDate "2021.11.08"]
[EventType "team-tourn"]
[EventCountry "SLO"]
[SourceTitle "playchess.com"]
[Source "ChessBase"]
[SourceQuality "1"]
[WhiteTeam "Croatia"]
[BlackTeam "Romania"]
[WhiteTeamCountry "CRO"]
[BlackTeamCountry "ROU"]
[TimeControl "40/5400+30:1800+30"]

1. d4 d5 2. c4 e6 3. Nf3 Nf6 4. Nc3 Bb4 5. Bg5 dxc4 6. e4 h6 7. Bxf6 Qxf6 8.
Bxc4 c5 9. O-O cxd4 10. e5 Qd8 11. Ne4 O-O 12. Qc1 Qc7 13. Rd1 Be7 14. Rxd4 Rd8
15. Nf6+ Bxf6 16. exf6 Rxd4 17. Nxd4 gxf6 18. Qxh6 Qe5 19. Rd1 Qg5 20. Nxe6
fxe6 21. Rd8+ Kf7 22. Qh7+ Qg7 23. Qxg7+ 1-0

[Event "23rd ETCC Open 2021"]
[Site "Catez"]
[Date "2021.11.21"]
[Round "9.42"]
[White "Bjerre, Jonas Buhl"]
[Black "Dragnev, Valentin"]
[Result "1-0"]
[ECO "B51"]
[WhiteElo "2569"]
[BlackElo "2548"]
[Annotator "ChessBase"]
[PlyCount "67"]
[EventDate "2021.11.08"]
[EventType "team-tourn"]
[EventCountry "SLO"]
[SourceTitle "playchess.com"]
[Source "ChessBase"]
[SourceQuality "1"]
[WhiteTeam "Denmark"]
[BlackTeam "Austria"]
[WhiteTeamCountry "DEN"]
[BlackTeamCountry "AUT"]
[TimeControl "40/5400+30:1800+30"]

1. e4 c5 2. Nf3 d6 3. Bb5+ Nd7 4. d4 cxd4 5. Nxd4 Ngf6 6. Bd3 Nc5 7. Nc3 a6 8.
Nb3 Nxd3+ 9. Qxd3 e6 10. Bf4 b5 11. a3 Bb7 12. O-O-O Be7 13. Bxd6 Bxd6 14. Qxd6
Qxd6 15. Rxd6 Nxe4 16. Nxe4 Bxe4 17. Nc5 Bxg2 18. Rg1 Bf3 19. Rxg7 Rc8 20. Rg3
Bd5 21. Nxa6 h5 22. Rb6 h4 23. Rg4 Bb3 24. Nb4 Bc4 25. Kd2 h3 26. b3 Bf1 27.
Rg1 Bg2 28. Rxb5 Ke7 29. Nd3 Rhg8 30. Rh5 Rg4 31. f4 Bf3 32. Rxg4 Bxg4 33. Rc5
Ra8 34. Ne5 1-0

[Event "23rd ETCC Open 2021"]
[Site "Catez"]
[Date "2021.11.21"]
[Round "9.43"]
[White "Blohberger, Felix"]
[Black "Rasmussen, Allan Stig"]
[Result "1/2-1/2"]
[ECO "B11"]
[WhiteElo "2490"]
[BlackElo "2577"]
[Annotator "ChessBase"]
[PlyCount "51"]
[EventDate "2021.11.08"]
[EventType "team-tourn"]
[EventCountry "SLO"]
[SourceTitle "playchess.com"]
[Source "ChessBase"]
[SourceQuality "1"]
[WhiteTeam "Austria"]
[BlackTeam "Denmark"]
[WhiteTeamCountry "AUT"]
[BlackTeamCountry "DEN"]
[TimeControl "40/5400+30:1800+30"]

1. e4 c6 2. Nf3 d5 3. Nc3 dxe4 4. Nxe4 Nf6 5. Qe2 Bg4 6. h3 Bh5 7. Nxf6+ gxf6
8. d3 Na6 9. Bd2 Qb6 10. O-O-O O-O-O 11. g4 Bg6 12. Qe3 Nc7 13. Qxb6 axb6 14.
Nh4 e6 15. f4 f5 16. gxf5 exf5 17. Be2 Ne6 18. Rde1 Bd6 19. Ng2 Rhg8 20. Bd1 h6
21. Ref1 Bh7 22. Nh4 Rg3 23. Be1 Rgg8 24. Bd2 Rg3 25. Be1 Rgg8 26. Bd2 1/2-1/2

[Event "23rd ETCC Open 2021"]
[Site "Catez"]
[Date "2021.11.21"]
[Round "9.44"]
[White "Hansen, Sune Berg"]
[Black "Horvath, Dominik"]
[Result "0-1"]
[ECO "D02"]
[WhiteElo "2543"]
[BlackElo "2469"]
[Annotator "ChessBase"]
[PlyCount "104"]
[EventDate "2021.11.08"]
[EventType "team-tourn"]
[EventCountry "SLO"]
[SourceTitle "playchess.com"]
[Source "ChessBase"]
[SourceQuality "1"]
[WhiteTeam "Denmark"]
[BlackTeam "Austria"]
[WhiteTeamCountry "DEN"]
[BlackTeamCountry "AUT"]
[TimeControl "40/5400+30:1800+30"]

1. d4 Nf6 2. Nf3 d5 3. Bf4 c5 4. e3 Nc6 5. Be2 cxd4 6. exd4 Bf5 7. c3 e6 8. Qb3
Bd6 9. Qxb7 Bxf4 10. Qxc6+ Kf8 11. O-O h5 12. c4 g5 13. Nc3 Rc8 14. Qa6 dxc4
15. Rad1 g4 16. Ne5 h4 17. Bxc4 g3 18. Qb7 Qc7 19. Qxc7 Rxc7 20. Bd3 gxf2+ 21.
Kxf2 Bxe5 22. Bxf5 Bxh2 23. Bd3 Kg7 24. Be2 Rb8 25. Rb1 Rcb7 26. b3 Rd8 27.
Rbd1 Rc7 28. Bc4 Rcd7 29. Ne2 Be5 30. Kf3 Bxd4 31. Rh1 e5 32. Rxh4 e4+ 33. Kf4
Be3+ 34. Kxe3 Rxd1 35. Ng3 Kg6 36. Rf4 Nd5+ 37. Bxd5 R8xd5 38. Nxe4 f5 39. Nf2
Re1+ 40. Kf3 Rd2 41. Nh3 Rf1+ 42. Ke3 Rdd1 43. Ra4 Rde1+ 44. Kd2 Re7 45. Nf4+
Kg5 46. Nh3+ Kf6 47. Ra6+ Ke5 48. Ke2 Rc1 49. Ra4 Rc2+ 50. Kf3 Rec7 51. Kg3
Rg7+ 52. Kf3 Rcxg2 0-1

[Event "23rd ETCC Open 2021"]
[Site "Catez"]
[Date "2021.11.21"]
[Round "9.46"]
[White "Valsecchi, Alessio"]
[Black "Borisek, Jure"]
[Result "1-0"]
[ECO "C65"]
[WhiteElo "2527"]
[BlackElo "2595"]
[Annotator "ChessBase"]
[PlyCount "53"]
[EventDate "2021.11.08"]
[EventType "team-tourn"]
[EventCountry "SLO"]
[SourceTitle "playchess.com"]
[Source "ChessBase"]
[SourceQuality "1"]
[WhiteTeam "Italy"]
[BlackTeam "Slovenia"]
[WhiteTeamCountry "ITA"]
[BlackTeamCountry "SLO"]
[TimeControl "40/5400+30:1800+30"]

1. e4 e5 2. Nf3 Nc6 3. Bb5 Nf6 4. d3 Bc5 5. c3 O-O 6. O-O d6 7. h3 a6 8. Ba4
Ba7 9. Re1 Ne7 10. Nbd2 Ng6 11. Nf1 d5 12. Ng3 c6 13. exd5 Nxd5 14. d4 exd4 15.
Nxd4 Be6 16. Bc2 Qc7 17. Ne4 Rae8 18. Nxe6 fxe6 19. c4 Bb8 20. g3 Nh4 21. cxd5
Nf3+ 22. Kh1 cxd5 23. Ng5 Nxg5 24. Bxg5 Rxf2 25. Bxh7+ Kh8 26. Bf4 Rxf4 27. Qh5
1-0

[Event "23rd ETCC Open 2021"]
[Site "Catez"]
[Date "2021.11.21"]
[Round "9.47"]
[White "Skoberne, Jure"]
[Black "Sonis, Francesco"]
[Result "0-1"]
[ECO "D00"]
[WhiteElo "2562"]
[BlackElo "2536"]
[Annotator "ChessBase"]
[PlyCount "48"]
[EventDate "2021.11.08"]
[EventType "team-tourn"]
[EventCountry "SLO"]
[SourceTitle "playchess.com"]
[Source "ChessBase"]
[SourceQuality "1"]
[WhiteTeam "Slovenia"]
[BlackTeam "Italy"]
[WhiteTeamCountry "SLO"]
[BlackTeamCountry "ITA"]
[TimeControl "40/5400+30:1800+30"]

1. d4 Nf6 2. Nf3 g6 3. Nc3 d5 4. Bf4 Bg7 5. e3 O-O 6. Nb5 Na6 7. Be2 c6 8. Nc3
Qb6 9. Rb1 c5 10. O-O cxd4 11. exd4 Bf5 12. a3 Rac8 13. h3 Rfd8 14. Ne5 Ne4 15.
f3 Nec5 16. dxc5 Qxc5+ 17. Kh1 Bxe5 18. Bxe5 d4 19. Bxd4 Rxd4 20. Qe1 Nc7 21.
Rf2 Nd5 22. Nxd5 Rxd5 23. Rc1 Qe3 24. Bd3 Rxd3 0-1

[Event "23rd ETCC Open 2021"]
[Site "Catez"]
[Date "2021.11.21"]
[Round "9.49"]
[White "Druska, Juraj"]
[Black "Pelletier, Yannick"]
[Result "0-1"]
[ECO "C11"]
[WhiteElo "2508"]
[BlackElo "2564"]
[Annotator "ChessBase"]
[PlyCount "80"]
[EventDate "2021.11.08"]
[EventType "team-tourn"]
[EventCountry "SLO"]
[SourceTitle "playchess.com"]
[Source "ChessBase"]
[SourceQuality "1"]
[WhiteTeam "Slovakia"]
[BlackTeam "Switzerland"]
[WhiteTeamCountry "SVK"]
[BlackTeamCountry "SUI"]
[TimeControl "40/5400+30:1800+30"]

1. e4 c6 2. d4 d5 3. f3 e6 4. Nc3 Nf6 5. e5 Nfd7 6. f4 c5 7. Nf3 Nc6 8. Be3 a6
9. Be2 b5 10. a3 Be7 11. Qd2 O-O 12. O-O Bb7 13. Nd1 cxd4 14. Nxd4 Qc7 15. Nf2
Nc5 16. Rac1 Rfd8 17. Rfd1 Ne4 18. Nxe4 dxe4 19. Qc3 Rdc8 20. Nxc6 Bxc6 21. Qd4
Bd5 22. c3 Rab8 23. Qa7 Rb7 24. Qd4 Rd8 25. Bf2 Bb3 26. Qxe4 Bxd1 27. Rxd1
Rxd1+ 28. Bxd1 Bc5 29. Bf3 Rb8 30. h4 Rd8 31. h5 g6 32. Kf1 Bxf2 33. Kxf2 Kg7
34. Kg3 Rd2 35. Qb4 Qd8 36. b3 g5 37. Qe4 gxf4+ 38. Qxf4 h6 39. Bb7 Rd3+ 40.
Kh2 Rxc3 0-1

[Event "23rd ETCC Open 2021"]
[Site "Catez"]
[Date "2021.11.21"]
[Round "9.51"]
[White "Mazur, Stefan"]
[Black "Kurmann, Oliver"]
[Result "1/2-1/2"]
[ECO "B33"]
[WhiteElo "2433"]
[BlackElo "2458"]
[Annotator "ChessBase"]
[PlyCount "108"]
[EventDate "2021.11.08"]
[EventType "team-tourn"]
[EventCountry "SLO"]
[SourceTitle "playchess.com"]
[Source "ChessBase"]
[SourceQuality "1"]
[WhiteTeam "Slovakia"]
[BlackTeam "Switzerland"]
[WhiteTeamCountry "SVK"]
[BlackTeamCountry "SUI"]
[TimeControl "40/5400+30:1800+30"]

1. e4 c5 2. Nf3 e6 3. d4 cxd4 4. Nxd4 Nf6 5. Nc3 Nc6 6. Ndb5 d6 7. Bf4 e5 8.
Bg5 a6 9. Na3 b5 10. Bxf6 gxf6 11. Nd5 f5 12. Bd3 Be6 13. c3 Bg7 14. Nxb5 axb5
15. Bxb5 Rc8 16. Qa4 Bd7 17. exf5 O-O 18. O-O e4 19. Qxe4 Re8 20. Qa4 Re5 21.
Rad1 Rxf5 22. f4 Rh5 23. h3 Kh8 24. Rfe1 Rh6 25. Qe4 Re6 26. Qd3 Nb8 27. a4
Bxb5 28. Qxb5 Nd7 29. Rxe6 fxe6 30. Ne3 Nc5 31. a5 Qc7 32. f5 exf5 33. Nxf5 Be5
34. Qc4 Rf8 35. Ne3 Qa7 36. Kh1 Rf4 37. Qb5 Ne4 38. Re1 Qg7 39. Kg1 Qg3 40.
Qe8+ Kg7 41. Qd7+ Kh6 42. Qe6+ Kh5 43. Qe8+ Kh6 44. Qe6+ Kg7 45. Qe7+ Kg8 46.
Qe6+ Kf8 47. Qc8+ Kf7 48. Qd7+ Kg8 49. Qe6+ Rf7 50. Qg4+ Kf8 51. Qc8+ Kg7 52.
Qg4+ Kf8 53. Qc8+ Kg7 54. Qg4+ Kf8 1/2-1/2

[Event "23rd ETCC Open 2021"]
[Site "Catez"]
[Date "2021.11.21"]
[Round "9.52"]
[White "Baenziger, Fabian"]
[Black "Sahidi, Samir"]
[Result "1/2-1/2"]
[ECO "E18"]
[WhiteElo "2403"]
[BlackElo "2432"]
[Annotator "NA"]
[PlyCount "79"]
[EventDate "2021.11.08"]
[EventType "team-tourn"]
[EventCountry "SLO"]
[SourceTitle "playchess.com"]
[Source "ChessBase"]
[SourceQuality "1"]
[WhiteTeam "Switzerland"]
[BlackTeam "Slovakia"]
[WhiteTeamCountry "SUI"]
[BlackTeamCountry "SVK"]
[TimeControl "40/5400+30:1800+30"]

1. d4 Nf6 2. c4 e6 3. Nf3 b6 4. g3 Bb7 5. Bg2 Be7 6. O-O O-O 7. Nc3 d5 8. Ne5
Nbd7 9. cxd5 exd5 10. Qa4 Nb8 11. Rd1 Re8 12. Bg5 c6 13. Rac1 a5 14. Bxf6 Bxf6
15. e4 b5 16. Qb3 a4 17. Qc2 Bxe5 18. dxe5 d4 19. Ne2 Rxe5 20. Nxd4 Qb6 21. Nf5
Na6 22. Qc3 Rae8 23. Nd6 Rc5 24. Qf3 Rf8 25. Nxb7 Rxc1 26. Rxc1 Qxb7 27. e5 Nb8
28. Qe3 Qd7 29. a3 Rd8 30. Bf3 Qe6 31. Kg2 g6 32. Rc5 Kg7 33. Qc3 Rc8 34. h4 h5
35. Qc2 Rd8 36. Qc3 Rc8 37. Qc1 Re8 38. Qc3 Rc8 39. Qc1 Re8 40. Qc3 1/2-1/2

[Event "23rd ETCC Open 2021"]
[Site "Catez"]
[Date "2021.11.21"]
[Round "9.54"]
[White "Hillarp Persson, Tiger"]
[Black "Kazakouski, Valery"]
[Result "1/2-1/2"]
[ECO "E06"]
[WhiteElo "2528"]
[BlackElo "2490"]
[Annotator "ChessBase"]
[PlyCount "84"]
[EventDate "2021.11.08"]
[EventType "team-tourn"]
[EventCountry "SLO"]
[SourceTitle "playchess.com"]
[Source "ChessBase"]
[SourceQuality "1"]
[WhiteTeam "Sweden"]
[BlackTeam "Lithuania"]
[WhiteTeamCountry "SWE"]
[BlackTeamCountry "LTU"]
[TimeControl "40/5400+30:1800+30"]

1. Nf3 Nf6 2. g3 e6 3. Bg2 d5 4. O-O Be7 5. c4 O-O 6. d4 c6 7. Nbd2 b6 8. Qc2
Bb7 9. e4 Na6 10. a3 c5 11. exd5 exd5 12. dxc5 Nxc5 13. b4 Nce4 14. Bb2 Nxd2
15. Nxd2 Qc8 16. Rfe1 Re8 17. Rac1 Qd7 18. Qd3 Rad8 19. Bxf6 gxf6 20. cxd5 Bxd5
21. Bxd5 Qxd5 22. Qxd5 Rxd5 23. Nf1 Kf8 24. Ne3 Re5 25. Red1 a5 26. Nd5 axb4
27. axb4 Rd8 28. Nxb6 Rb5 29. Rxd8+ Bxd8 30. Rc8 Ke7 31. Nc4 Rxb4 32. Ne3 Rb5
33. Kg2 f5 34. Kf3 Kd7 35. Ra8 Bc7 36. Rh8 f4 37. Ng4 fxg3 38. hxg3 Rf5+ 39.
Ke4 Rg5 40. Nf6+ Ke6 41. Nxh7 f5+ 42. Kf3 Rg7 1/2-1/2

[Event "23rd ETCC Open 2021"]
[Site "Catez"]
[Date "2021.11.21"]
[Round "9.55"]
[White "Klabis, Rokas"]
[Black "Blomqvist, Erik"]
[Result "0-1"]
[ECO "B48"]
[WhiteElo "2353"]
[BlackElo "2542"]
[Annotator "ChessBase"]
[PlyCount "70"]
[EventDate "2021.11.08"]
[EventType "team-tourn"]
[EventCountry "SLO"]
[SourceTitle "playchess.com"]
[Source "ChessBase"]
[SourceQuality "1"]
[WhiteTeam "Lithuania"]
[BlackTeam "Sweden"]
[WhiteTeamCountry "LTU"]
[BlackTeamCountry "SWE"]
[TimeControl "40/5400+30:1800+30"]

1. e4 c5 2. Nf3 e6 3. d4 cxd4 4. Nxd4 Nc6 5. Nc3 Qc7 6. Be3 a6 7. Qd2 Nf6 8. f3
Be7 9. O-O-O b5 10. Kb1 Bb7 11. Bf4 e5 12. Nf5 exf4 13. Nd5 Qb8 14. Nxg7+ Kf8
15. Nf5 Qe5 16. Nxf4 h5 17. Nd3 Qc7 18. e5 Nd5 19. f4 Na5 20. Nxe7 Nc4 21. Qf2
Kxe7 22. f5 Rac8 23. Re1 Qa5 24. e6 dxe6 25. fxe6 f6 26. Nf4 Nd2+ 27. Kc1 Nxf4
28. Qxf4 Nb3+ 29. Kd1 Rhd8+ 30. Bd3 Rxd3+ 31. cxd3 Qxa2 32. Qb4+ Ke8 33. Ke2
Qxb2+ 34. Ke3 Qe5+ 35. Kf2 Rc2+ 0-1

[Event "23rd ETCC Open 2021"]
[Site "Catez"]
[Date "2021.11.21"]
[Round "9.56"]
[White "Johansson, Linus"]
[Black "Brazdzionis, Andrius"]
[Result "0-1"]
[ECO "A32"]
[WhiteElo "2479"]
[BlackElo "2356"]
[Annotator "ChessBase"]
[PlyCount "108"]
[EventDate "2021.11.08"]
[EventType "team-tourn"]
[EventCountry "SLO"]
[SourceTitle "playchess.com"]
[Source "ChessBase"]
[SourceQuality "1"]
[WhiteTeam "Sweden"]
[BlackTeam "Lithuania"]
[WhiteTeamCountry "SWE"]
[BlackTeamCountry "LTU"]
[TimeControl "40/5400+30:1800+30"]

1. d4 Nf6 2. c4 e6 3. Nf3 d5 4. Nc3 c5 5. cxd5 cxd4 6. Nxd4 Nxd5 7. e4 Nxc3 8.
bxc3 a6 9. Qf3 Qc7 10. Be2 Bd6 11. h4 Nd7 12. h5 h6 13. O-O Nf6 14. a4 Qa5 15.
g3 Bd7 16. Rd1 Qc7 17. a5 Rc8 18. Bd2 Be5 19. Rdb1 O-O 20. Rb6 Bxd4 21. cxd4
Qc2 22. Bb4 Rfe8 23. Bd3 Qb2 24. Rd1 Ba4 25. Rd2 Qa1+ 26. Kh2 Nh7 27. Bc5 Ng5
28. Qe2 Qc1 29. Kg2 e5 30. f3 f5 31. Rb1 Qc3 32. Bb4 Qxd4 33. Bxa6 fxe4 34. f4
exf4 35. Rxd4 f3+ 36. Kf2 fxe2 37. Bxb7 e3+ 38. Kxe2 Bb5+ 39. Ke1 Bc6 40. Bxc6
Rxc6 41. Ke2 Rc2+ 42. Kd3 Ra2 43. Kc3 Rb8 44. Kb3 Rxa5 45. Rb2 Ne6 46. Rc4 Rxh5
47. Kc3 Rhb5 48. Ra2 Nc7 49. Rxc7 Rxb4 50. Re7 e2 51. Ra3 Rb2 52. g4 R8b7 53.
Re4 R2b4 54. Rxe2 Rxg4 0-1

[Event "23rd ETCC Open 2021"]
[Site "Catez"]
[Date "2021.11.21"]
[Round "9.58"]
[White "Uruci, Endrit"]
[Black "Stefansson, Hannes"]
[Result "0-1"]
[ECO "B67"]
[WhiteElo "2322"]
[BlackElo "2519"]
[Annotator "ChessBase"]
[PlyCount "102"]
[EventDate "2021.11.08"]
[EventType "team-tourn"]
[EventCountry "SLO"]
[SourceTitle "playchess.com"]
[Source "ChessBase"]
[SourceQuality "1"]
[WhiteTeam "Kosovo"]
[BlackTeam "Iceland"]
[WhiteTeamCountry "KOS"]
[BlackTeamCountry "ISL"]
[TimeControl "40/5400+30:1800+30"]

1. e4 c5 2. Nf3 d6 3. d4 cxd4 4. Nxd4 Nf6 5. Nc3 Nc6 6. Bg5 e6 7. Qd2 a6 8.
O-O-O Bd7 9. f3 Nxd4 10. Qxd4 Be7 11. h4 Bc6 12. g4 h5 13. gxh5 Nxh5 14. Bxe7
Qxe7 15. Bh3 Rd8 16. Bg4 e5 17. Qe3 g6 18. Ne2 d5 19. exd5 Rxd5 20. Rxd5 Bxd5
21. Bxh5 Rxh5 22. Ng3 Rxh4 23. Rxh4 Qxh4 24. Qxe5+ Kf8 25. Qxd5 Qxg3 26. b3 Qc7
27. Kb2 Ke7 28. c4 f5 29. b4 Kf6 30. Kb3 g5 31. Qd4+ Kg6 32. b5 axb5 33. cxb5
g4 34. fxg4 Qf7+ 35. Kb4 f4 36. Qe4+ Kg5 37. Qf3 Qe7+ 38. Kc4 Qe6+ 39. Kd3 Qd7+
40. Kc4 b6 41. a4 Qd2 42. Qh3 Qe2+ 43. Kd4 f3 44. Qh5+ Kf4 45. g5 Qe4+ 46. Kc3
f2 47. Qh4+ Ke3 48. Qg3+ Ke2 49. Qh2 Qe3+ 50. Kc2 Qxg5 51. a5 Ke1 0-1

[Event "23rd ETCC Open 2021"]
[Site "Catez"]
[Date "2021.11.21"]
[Round "9.59"]
[White "Gretarsson, Helgi Ass"]
[Black "Makolli, Perparim"]
[Result "1-0"]
[ECO "A36"]
[WhiteElo "2476"]
[BlackElo "2245"]
[Annotator "ChessBase"]
[PlyCount "67"]
[EventDate "2021.11.08"]
[EventType "team-tourn"]
[EventCountry "SLO"]
[SourceTitle "playchess.com"]
[Source "ChessBase"]
[SourceQuality "1"]
[WhiteTeam "Iceland"]
[BlackTeam "Kosovo"]
[WhiteTeamCountry "ISL"]
[BlackTeamCountry "KOS"]
[TimeControl "40/5400+30:1800+30"]

1. c4 c5 2. Nc3 Nf6 3. g3 Nc6 4. Bg2 g6 5. e3 Bg7 6. d4 cxd4 7. exd4 d6 8. Nge2
Bd7 9. h3 Na5 10. b3 Bc6 11. d5 Bd7 12. O-O a6 13. Be3 b5 14. cxb5 axb5 15. Nd4
b4 16. Nce2 O-O 17. Qd2 Rb8 18. Rac1 Ne8 19. Rfe1 Nc7 20. Bg5 Re8 21. Nc2 Na6
22. Ned4 Qb6 23. Bxe7 Nc7 24. Qf4 Be5 25. Qh4 Nb5 26. Nxb5 Qxb5 27. Nxb4 f6 28.
Rxe5 fxe5 29. Bxd6 Rbc8 30. Rxc8 Bxc8 31. Qf6 Qb6 32. Be4 Nb7 33. Bxg6 Nxd6 34.
Bf7+ 1-0

[Event "23rd ETCC Open 2021"]
[Site "Catez"]
[Date "2021.11.21"]
[Round "9.60"]
[White "Saraci, Korab"]
[Black "Kjartansson, Gudmundur"]
[Result "0-1"]
[ECO "B18"]
[WhiteElo "2149"]
[BlackElo "2443"]
[Annotator "NA"]
[PlyCount "110"]
[EventDate "2021.11.08"]
[EventType "team-tourn"]
[EventCountry "SLO"]
[SourceTitle "playchess.com"]
[Source "ChessBase"]
[SourceQuality "1"]
[WhiteTeam "Kosovo"]
[BlackTeam "Iceland"]
[WhiteTeamCountry "KOS"]
[BlackTeamCountry "ISL"]
[TimeControl "40/5400+30:1800+30"]

1. e4 c6 2. d4 d5 3. Nc3 dxe4 4. Nxe4 Bf5 5. Ng3 Bg6 6. h4 h6 7. Nh3 Nf6 8. c3
e6 9. Nf4 Bh7 10. Nfh5 Nbd7 11. Bc4 Nxh5 12. Nxh5 Nf6 13. Bf4 Nxh5 14. Qxh5 Bd6
15. Qg4 Bxf4 16. Qxf4 O-O 17. Rh3 a5 18. Rd1 a4 19. Rg3 Kh8 20. Qg4 Rg8 21. Bd3
Bxd3 22. Rdxd3 Qd5 23. a3 Qa2 24. Rd2 Qb1+ 25. Qd1 Qe4+ 26. Qe2 Qxh4 27. Qe5 f6
28. Qc7 e5 29. dxe5 Rae8 30. Re2 Qh1+ 31. Kd2 Qb1 32. f4 Qxb2+ 33. Ke1 Qc1+ 34.
Kf2 Qxf4+ 35. Rf3 Qh4+ 36. Kg1 Rxe5 37. Rxe5 fxe5 38. Qxe5 Qc4 39. Rf4 Qb3 40.
Rh4 Qd1+ 41. Kh2 Kh7 42. Qe4+ g6 43. Qxa4 Qxa4 44. Rxa4 g5 45. Ra7 Rg7 46. a4
Kg6 47. a5 Rf7 48. Kg3 h5 49. Kh2 Rf5 50. Kg3 Rb5 51. Ra8 Rc5 52. c4 Rxc4 53.
Rg8+ Kf6 54. Rf8+ Ke6 55. Rg8 Rc3+ 0-1

[Event "23rd ETCC Open 2021"]
[Site "Catez"]
[Date "2021.11.21"]
[Round "9.61"]
[White "Djukic, Nikola"]
[Black "Pancevski, Filip"]
[Result "1-0"]
[ECO "C95"]
[WhiteElo "2519"]
[BlackElo "2490"]
[Annotator "ChessBase"]
[PlyCount "83"]
[EventDate "2021.11.08"]
[EventType "team-tourn"]
[EventCountry "SLO"]
[SourceTitle "playchess.com"]
[Source "ChessBase"]
[SourceQuality "1"]
[WhiteTeam "Montenegro"]
[BlackTeam "Macedonia"]
[WhiteTeamCountry "MNE"]
[BlackTeamCountry "MKD"]
[TimeControl "40/5400+30:1800+30"]

1. e4 e5 2. Nf3 Nc6 3. Bb5 a6 4. Ba4 Nf6 5. O-O Be7 6. Re1 b5 7. Bb3 d6 8. c3
O-O 9. h3 Nb8 10. d4 Nbd7 11. Nbd2 Bb7 12. Bc2 Re8 13. Nf1 Bf8 14. Ng3 g6 15.
a4 Bg7 16. Bd3 c6 17. Bg5 Nf8 18. Qd2 Ne6 19. Be3 Nd7 20. Red1 Qc7 21. Bf1 Rad8
22. axb5 cxb5 23. d5 Nec5 24. Qc2 Nb6 25. Nd2 Ncd7 26. c4 Rc8 27. Rdc1 bxc4 28.
Bxc4 Nxc4 29. Nxc4 f5 30. exf5 Bxd5 31. b3 Qb7 32. fxg6 Bxg2 33. gxh7+ Kh8 34.
Qf5 Rxc4 35. Rxc4 Rf8 36. Qg6 Rf6 37. Qg4 Bf3 38. Rb4 Bxg4 39. Rxb7 Bxh3 40.
Rxa6 Rg6 41. Kh2 Bg4 42. f3 1-0

[Event "23rd ETCC Open 2021"]
[Site "Catez"]
[Date "2021.11.21"]
[Round "9.62"]
[White "Nikolovski, Nikola"]
[Black "Draskovic, Luka"]
[Result "1/2-1/2"]
[ECO "B07"]
[WhiteElo "2401"]
[BlackElo "2469"]
[Annotator "ChessBase"]
[PlyCount "134"]
[EventDate "2021.11.08"]
[EventType "team-tourn"]
[EventCountry "SLO"]
[SourceTitle "playchess.com"]
[Source "ChessBase"]
[SourceQuality "1"]
[WhiteTeam "Macedonia"]
[BlackTeam "Montenegro"]
[WhiteTeamCountry "MKD"]
[BlackTeamCountry "MNE"]
[TimeControl "40/5400+30:1800+30"]

1. e4 d6 2. d4 Nf6 3. Nc3 e5 4. Nge2 Be7 5. g3 c6 6. a4 Na6 7. Bg2 O-O 8. O-O
Nb4 9. h3 d5 10. exd5 exd4 11. Nxd4 Nfxd5 12. Nxd5 Nxd5 13. a5 a6 14. c3 Bf6
15. Re1 Re8 16. Rxe8+ Qxe8 17. Kh2 Bd7 18. Bxd5 cxd5 19. Be3 Bxd4 20. Bxd4 Qe6
21. Qf1 Re8 22. Be3 Qf5 23. Re1 h5 24. Rd1 Rxe3 25. fxe3 Qc2+ 26. Kg1 Bxh3 27.
Rc1 Qxb2 28. Rb1 Qa2 29. Ra1 Qb2 30. Rb1 Qc2 31. Rc1 Qd2 32. Rd1 Qxe3+ 33. Qf2
Qxc3 34. Rxd5 Bg4 35. Kh2 Qc7 36. Qd4 Qc2+ 37. Kg1 Bf3 38. Rd8+ Kh7 39. Qd2
Qc5+ 40. Kh2 Be4 41. Rd4 Qf5 42. Qe2 Bc6 43. Rf4 Qd5 44. Qf1 Kg8 45. Rf5 Qd2+
46. Kg1 Bb5 47. Qf4 Qd1+ 48. Kh2 Bc6 49. Qf1 Qxf1 50. Rxf1 g6 51. Kg1 Kg7 52.
Rf4 f5 53. Rd4 Kf7 54. Rd6 Be8 55. Rd8 Ke7 56. Rb8 Bc6 57. Kf2 Kf6 58. Ke3 Kg5
59. Rg8 Be4 60. Rg7 Kf6 61. Rg8 Bd5 62. Rd8 Bc6 63. Rd6+ Kg5 64. Re6 Be4 65.
Rd6 Bc2 66. Rb6 Be4 67. Rd6 Bc6 1/2-1/2